 Dungeon Sprint DCSS version 0.18-a0-596-g6468885 (webtiles) character file.

462 xeno23 the Basher (level 6, -1/62 HPs)
             Began as a Minotaur Berserker on Dec 4, 2015.
             Was a Believer of Trog.
             Slain by Sonja
             ... wielding a +0 dagger of distortion
              (17 damage)
             ... in the Dungeon (Sprint I: "Red Sonja").
             The game lasted 00:04:43 (663 turns).

xeno23 the Basher (Minotaur Berserker)               Turns: 663, Time: 00:04:43

Health: -1/62      AC:  4    Str: 24    XL:     6   Next: 79%
Magic:  5/5        EV: 14    Int:  4    God:    Trog [**....]
Gold:   297        SH:  0    Dex:  9    Spells: 0 memorised, 5 levels left

rFire  . . .     SeeInvis .     a - +0 mace
rCold  . . .     Clarity  .     k - +0 leather armour
rNeg   . . .     SustAt   .     (no shield)
rPois  .         Gourm    .     (helmet restricted)
rElec  .         Spirit   .     (no cloak)
rCorr  .         Dismiss  .     (no gloves)
rMut   .         NoTele   +     (no boots)
MR     .....                    (no amulet)
Stlth  +.........               (no ring)
                                (no ring)

@: lethally poisoned (-1 -> -11), slowed, very slow, not resistant to hostile
enchantments, very unstealthy
A: retaliatory headbutt, horns 2
a: Berserk, Trog's Hand, Burn Spellbooks, Renounce Religion


You were in the Dungeon.
You worshipped Trog.
Trog was pleased with you.
You were very hungry.

You visited 1 branch You collected 297 gold pieces.

Inventory:

Hand Weapons
 a - a +0 mace (weapon)
Armour
 k - a +0 leather armour (worn)
Wands
 l - a wand of polymorph (11)
Scrolls
 i - a scroll of blinking
 m - a scroll of recharging {unknown}
Potions
 b - a potion of ambrosia {unknown}
 d - a potion of curing
 e - a potion of heal wounds
 f - a potion of haste
 g - 2 potions of magic
 h - a potion of berserk rage
 j - a potion of agility
Comestibles
 c - 2 bread rations


   Skills:
 + Level 8.6 Fighting
 * Level 11.4 Maces & Flails
 + Level 8.2 Armour
 + Level 7.5 Dodging


You had 5 spell levels left.
You didn't know any spells.

Dungeon Overview and Level Annotations

Branches:
Dungeon (1/1)

Altars:
Cheibriados
Dithmenos
Elyvilon
Fedhas
Gozag
Kikubaaqudgha
Makhleb
Nemelex Xobeh
Okawaru
Pakellas
Qazlal
Ru
Sif Muna
Trog
Vehumet
Xom
Yredelemnul
Zin
The Shining One
Jiyva

Shops:
D !

Annotations:
D Sonja


Innate Abilities, Weirdness & Mutations

You reflexively headbutt those who attack you in melee.
You have a pair of horns on your head.


Message History

You start resting.
You feel sick.
Sonja shoots a curare-tipped needle.
The curare-tipped needle hits you.
You are more poisoned.
You have difficulty breathing.
You feel as though you will be slow longer.
You take 11 damage.
Press: ? - help, v - describe, . - travel
Here: Sonja, wielding a blowgun The floor.
You feel sick.
Sonja unwields an uncursed blowgun.
Sonja wields an uncursed dagger of distortion.
Its appearance distorts for a moment.
Sonja barely misses you. Sonja hits you but does no damage.
Space warps horribly around you!
* * * LOW HITPOINT WARNING * * *
Sonja barely misses you.
Sonja hits you with an uncursed dagger of distortion.
* * * LOW HITPOINT WARNING * * *
You feel a strange sense of stasis. Sonja hits you but does no damage.
Space warps horribly around you!
You die...

#<.#..)..#..'..#__#
#.[...#..').#..+J.+
#..#####'#####'#__#
#..####..#...#.# ##
#..#__####..##.#
#..#_.___##'#..+
#⌠⌠#_.∩...'..._#
####_..._##_(#'#
#_____###@#.#
####### #K### $.$
#$.$# ##.## #+#


You could see Sonja.

Vanquished Creatures
  A yak (D)
  Sigmund (D)
  An ogre (D)
  Ijyb (D)
  A jelly (D)
5 creatures vanquished.

Notes
Turn   | Place    | Note
--------------------------------------------------------------
     0 | D        | xeno23 the Minotaur Berserker began the quest for the Orb.
     0 | D        | Reached XP level 1. HP: 19/19 MP: 0/0
     2 | D        | Noticed Ijyb
    21 | D        | Killed Ijyb
    21 | D        | Reached skill level 4 in Fighting
    21 | D        | Reached skill level 5 in Maces & Flails
    21 | D        | Reached XP level 2. HP: 17/28 MP: 1/1
   177 | D        | Noticed an ogre
   180 | D        | Killed an ogre
   180 | D        | Reached skill level 5 in Fighting
   180 | D        | Reached skill level 7 in Maces & Flails
   180 | D        | Reached skill level 5 in Armour
   180 | D        | Reached XP level 3. HP: 37/37 MP: 2/2
   180 | D        | Reached XP level 4. HP: 44/44 MP: 3/3
   264 | D        | Noticed Sigmund
   275 | D        | Killed Sigmund
   275 | D        | Reached ** piety under Trog
   275 | D        | Reached skill level 10 in Maces & Flails
   275 | D        | Reached XP level 5. HP: 52/52 MP: 4/4
   324 | D        | Found a snail-covered altar of Cheibriados.
   324 | D        | Found a viscous altar of Jiyva.
   324 | D        | Found a shadowy altar of Dithmenos.
   324 | D        | Found a blossoming altar of Fedhas.
   324 | D        | Noticed a slime creature
   326 | D        | Found a deep blue altar of Sif Muna.
   328 | D        | Found a radiant altar of Vehumet.
   349 | D        | Reached XP level 6. HP: 13/61 MP: 5/5
   628 | D        | Found Pezaxas's Distillery.
   628 | D        | Found a white marble altar of Elyvilon.
   628 | D        | Found a stormy altar of Qazlal.
   628 | D        | Found a burning altar of Makhleb.
   628 | D        | Found a sacrificial altar of Ru.
   628 | D        | Found an oddly glowing altar of Pakellas.
   628 | D        | Found a basalt altar of Yredelemnul.
   628 | D        | Found a glowing golden altar of the Shining One.
   628 | D        | Found a sparkling altar of Nemelex Xobeh.
   628 | D        | Found a shimmering altar of Xom.
   628 | D        | Found an opulent altar of Gozag.
   628 | D        | Found an ancient bone altar of Kikubaaqudgha.
   628 | D        | Found a glowing silver altar of Zin.
   628 | D        | Noticed a yak
   638 | D        | Killed a yak
   638 | D        | Reached skill level 11 in Maces & Flails
   639 | D        | Found an iron altar of Okawaru.
   640 | D        | Found a bloodstained altar of Trog.
   660 | D        | Noticed Sonja
   663 | D        | Slain by Sonja

Vault maps used:
D:        dungeon_sprint_1

Action                   |  1- 3 |  4- 6 || total
-------------------------+-------+-------++-------
Melee: Mace              |    17 |    15 ||    32
       Unarmed           |       |     9 ||     9
Invok: Berserk           |     2 |     1 ||     3
  Eat: Chunk             |       |     1 ||     1
